 Dungeon Crawl Stone Soup version 0.29.1-15-g9cfb28693d (webtiles) character file.

Game seed: 4076178719669346566

17468 pparamo97 the Geomancer (level 12, -25/59 HPs)
             Began as a Gargoyle Earth Elementalist on Apr 28, 2023.
             Was a Believer of Vehumet.
             Killed by an exploding culicivora (31 damage)
             ... ignited by their inner flame
             ... on level 2 of the Lair of Beasts.
             The game lasted 01:36:06 (13163 turns).

pparamo97 the Geomancer (GrEE)                     Turns: 13163, Time: 01:36:07

Health: -25/59     AC: 17    Str: 14    XL:     12   Next: 48%
Magic:  26/35      EV: 12    Int: 22    God:    Vehumet [**....]
Gold:   428        SH:  5    Dex: 13    Spells: 26/32 levels left

rFire   . . .      SeeInvis +   s - staff of air
rCold   x . .      Faith    .   (no shield)
rNeg    + . .      Spirit   .   t - +1 robe of the Blind Marksman {Dex+3 SInv}
rPois   ∞          Reflect  +   j - +0 hat {Int+3}
rElec   +          Harm     .   (no cloak)
rCorr   .          Rampage  +   i - +2 pair of gloves
Will    .....                   b - +2 pair of boots {Fly}
Stlth   ++........              E - amulet of Jenkast {Reflect Rampage +Blink rF- SH+5}
HPRegen 0.19/turn               v - ring of magical power
MPRegen 0.24/turn               u - ring of fire

@: flying
A: sickness immunity, AC +8, negative energy resistance 1, electricity
resistance, torment resistance 1, petrification resistance
a: Renounce Religion, Evoke Blink


You were on level 2 of the Lair of Beasts.
You worshipped Vehumet.
Vehumet was pleased with you.
You visited 3 branches of the dungeon, and saw 11 of its levels.

You collected 668 gold pieces.
You spent 240 gold pieces at shops.

Inventory:

Missiles
 J - 2 throwing nets
Armour
 b - a +2 pair of boots of flying (worn)
 i - a +2 pair of gloves (worn)
 j - a +0 hat of intelligence (worn)
 t - the +1 robe of the Blind Marksman (worn) {Dex+3 SInv}
   (You found it on level 3 of the Dungeon)

   Dex:       It affects your dexterity (+3).
   SInv:      It lets you see invisible.
Magical Staves
 s - a staff of air (weapon)
Jewellery
 u - a ring of fire (right hand)
 v - a ring of magical power (left hand)
 E - the amulet of Jenkast (around neck) {Reflect Rampage +Blink rF- SH+5}
   (You found it on level 2 of the Lair of Beasts)

   [amulet of reflection]

   It reflects blocked missile attacks.
   rF:        It makes you vulnerable to fire.
   +Blink:    It lets you blink.
   SH:        It affects your SH (+5).
   Rampage:   It bestows one free step when moving towards enemies.
 G - a ring of positive energy
 I - a ring of magical power
Wands
 c - a wand of light (1)
 x - a wand of digging (2)
 H - a wand of iceblast (3)
Scrolls
 d - 2 scrolls of silence {unknown}
 f - 2 scrolls of vulnerability {unknown}
 g - 2 scrolls of magic mapping
 m - 5 scrolls of amnesia {unknown}
 n - 3 scrolls of enchant weapon
 o - 2 scrolls of immolation
 w - 3 scrolls of noise {unknown}
 y - 2 scrolls of teleportation
 D - a scroll of torment {unknown}
 F - a scroll of blinking {unknown}
Potions
 a - 2 potions of flight
 e - a potion of ambrosia
 h - 2 potions of curing
 k - a potion of berserk rage {unknown}
 l - 6 potions of mutation
 p - a potion of degeneration {unknown}
 q - 2 potions of haste
 r - 3 potions of heal wounds {unknown}
 z - a potion of might
 A - a potion of brilliance {unknown}
 B - a potion of lignification
 C - 3 potions of cancellation {unknown}


   Skills:
 - Level 1.5 Dodging
 - Level 2.1 Stealth
 - Level 10.7 Spellcasting
 + Level 12.1 Conjurations
 - Level 0.7 Transmutations
 + Level 3.4 Fire Magic
 + Level 14.5 Earth Magic


You had 26 spell levels left.
You knew the following spells:

 Your Spells              Type           Power      Damage    Failure   Level
a - Sandblast             Erth           100%       2d20      0%          1
b - Stone Arrow           Conj/Erth      100%       3d13      1%          3
c - Scorch                Fire           80%        2d9       2%          2

Your spell library contained the following spells:

 Spells                   Type           Power      Damage    Failure   Level
 Passwall                 Tmut/Erth      37%        N/A       1%          2
 Lee's Rapid Deconstruct  Erth           33%        3d18*     1%          5
 Leda's Liquefaction      Hex/Erth       21%        N/A       2%          4
 Petrify                  Tmut/Erth      45%        N/A       2%          4
 Hailstorm                Conj/Ice       38%        3d9       4%          4
 Freeze                   Ice            44%        1d6       5%          1
 Blink                    Tloc           22%        N/A       9%          2
 Frozen Ramparts          Ice            22%        1d4       17%         3
 Animate Dead             Necr           11%        N/A       50%         4
 Manifold Assault         Tloc           11%        N/A       83%         5
 Haunt                    Necr/Summ      5%         N/A       100%        7
 Storm Form               Tmut/Air       10%        N/A       100%        7
 Infestation              Necr           5%         N/A       100%        8
 Statue Form              Tmut/Erth      Unusable   N/A       N/A         6

Dungeon Overview and Level Annotations

Branches:
Dungeon (8/15)             Temple (1/1) D:7            Lair (2/5) D:8
 Shoals (0/4) Lair:2       Spider (0/4) Lair:2

Altars:
Ashenzari
Dithmenos
Elyvilon
Fedhas
Gozag
Hepliaklqana
Makhleb
Nemelex Xobeh
Okawaru
Qazlal
Ru
Sif Muna
Trog
Uskayaw
Vehumet
Wu Jian
Yredelemnul
Zin

Shops:
D:2 [   D:3 =


Innate Abilities, Weirdness & Mutations

You are immune to sickness and miasma.
Your stone body is resilient. (AC +8)
You are immune to poison.
You resist negative energy. (rN+)
You are resistant to electric shocks. (rElec)
You are resistant to unholy torment.
You are immune to petrification.


Message History

Aim: a culicivora (heavily wounded, 61% to hit)
The stone arrow hits the culicivora!
The culicivora is almost dead.
The culicivora bites you but does no damage. x3
The culicivora is healed somewhat.
As you read the scroll of immolation, it crumbles to dust.
The creatures around you are filled with an inner flame!
The culicivora bites you. The culicivora barely misses you.
Aiming: Stone Arrow (safe; 1% risk of failure)
Press: ? - help, Q - select action, (/) - cycle Shift-Dir - straight line, f/p - culicivora
Aim: a culicivora (severely wounded, inner flame, 61% to hit)
The stone arrow misses the culicivora.
The stone arrow hits the culicivora!!
Flame seeps out of the culicivora.
The culicivora is heavily wounded.
The culicivora bites you but does no damage.
The culicivora is engulfed in blazing flames.
Flame seeps out of the culicivora.
The culicivora barely misses you. The culicivora bites you.
The culicivora bites you! You block the culicivora's attack.
The culicivora bites you. The culicivora barely misses you.
Aiming: Stone Arrow (safe; 1% risk of failure)
Press: ? - help, Q - select action, (/) - cycle Shift-Dir - straight line, f/p - culicivora
Aim: a culicivora (severely wounded, inner flame, 61% to hit)
The stone arrow hits the culicivora!!
Vehumet accepts your kill.
The culicivora explodes!
The fiery explosion engulfs the culicivora!!
Flame seeps out of the culicivora.
The culicivora is severely wounded.
The fiery explosion engulfs the culicivora!!
Vehumet accepts your kill.
You feel your power returning. The fiery explosion engulfs you!!
Ouch! That really hurt!
* * * LOW HITPOINT WARNING * * *
The culicivora explodes!
The fiery explosion engulfs the culicivora!
Vehumet accepts your kill. The fiery explosion engulfs you!!
Ouch! That really hurt!
You die...

#.........#♣♣.♣♣
♣.. ##.#....#.#
### ###
#####...)## ♣♣♣
.. ##†###....#
♣..
..##....##...##
♣.~
#.†....##....#
♣..
##.....#....##
♣..
#...#.s##...##
♣..
###..#§§@##....#
##♣.#
##†^.#.#§§##...##
..♣#
....†.#§§○#....#
#♣.#
>......"......[#
♣..
#...†.#.#^#...##
♣..
#.†.##.#.##....#
♣.. ###
##..###..## ♣.~
..#.. ...# ♣..
.^....##.## ♣♣♣


You could see a culicivora (inner flame).

Vanquished Creatures
  Gastronok (Lair:2)
  Harold (Lair:2)
  5 hydras (Lair:2)
  A death yak (Lair:2)
  A merfolk siren (Lair:2)
  3 black mambas
  A torpor snail (Lair:1)
  3 cane toads (Lair:2)
  2 rime drakes (Lair:2)
  6 komodo dragons
  2 polar bears (Lair:2)
  Prince Ribbit (D:7)
  A dream sheep (Lair:2)
  Sigmund (D:6)
  2 wyverns
  10 yaks
  3 culicivoras (Lair:2)
  2 basilisks (Lair:2)
  A steam dragon (D:8)
  5 water moccasins
  An acid dragon (Temple)
  3 orc warriors (D:8)
  2 sky beasts
  An ogre (D:5)
  6 wolves (Lair:1)
  A centaur (D:7)
  2 kobold brigands (D:7)
  2 necrophages
  4 scorpions
  6 bullfrogs
  2 gnoll sergeants (D:8)
  4 wights (D:8)
  8 killer bees (D:8)
  4 howler monkeys
  4 hounds
  2 jellies
  6 orc priests
  2 gnoll boudas
  11 iguanas
  Terence (D:3)
  5 orc wizards
  6 adders
  23 gnolls
  A shadow imp (D:6)
  3 white imps
  An ufetubus (D:3)
  3 worms
  4 dart slugs
  22 orcs
  7 endoplasms
  4 giant cockroaches
  3 goblins
  8 hobgoblins
  8 jackals
  15 kobolds
  5 quokkas
  5 ball pythons
  3 bats
  6 frilled lizards
  10 rats
266 creatures vanquished.

Vanquished Creatures (others)
  A quokka (D:4)
  54 fungi
  65 plants
120 creatures vanquished.

Grand Total: 386 creatures vanquished

Notes
Turn   | Place    | Note
-------+----------+-------------------------------------------
     0 | D:1      | pparamo97 the Gargoyle Earth Elementalist began the quest
                  | for the Orb.
     0 | D:1      | Reached XP level 1. HP: 10/10 MP: 3/3
   332 | D:1      | Reached skill level 4 in Earth Magic
   332 | D:1      | Reached XP level 2. HP: 15/15 MP: 3/5
   666 | D:1      | Found a faded altar of an unknown god.
   874 | D:1      | Reached XP level 3. HP: 19/19 MP: 4/6
   961 | D:1      | Learned a level 3 spell: Stone Arrow
  1509 | D:2      | Found Waecwar's Antique Armour Shop.
  1540 | D:2      | Reached XP level 4. HP: 24/24 MP: 4/8
  1545 | D:2      | Reached skill level 5 in Earth Magic
  2145 | D:4      | Reached XP level 5. HP: 27/28 MP: 4/10
  2192 | D:3      | Found a shimmering blue altar of Sif Muna.
  2382 | D:3      | Noticed Terence
  2396 | D:3      | Killed Terence
  2614 | D:3      | Found Acvynup's Jewellery Shoppe.
  3143 | D:3      | Identified the +1 robe of the Blind Marksman {Dex+3 SInv}
  3196 | D:4      | Noticed a kobold brigand
  3275 | D:3      | Reached skill level 6 in Earth Magic
  3280 | D:3      | Reached XP level 6. HP: 16/32 MP: 2/12
  3643 | D:4      | Found a white marble altar of Elyvilon.
  3661 | D:4      | Reached skill level 1 in Conjurations
  3906 | D:4      | Reached XP level 7. HP: 36/36 MP: 6/13
  4581 | D:5      | Entered Level 5 of the Dungeon
  4581 | D:5      | Found a basalt altar of Yredelemnul.
  4627 | D:4      | Found an ornate altar of the Wu Jian Council.
  4806 | D:5      | Reached skill level 7 in Earth Magic
  4895 | D:5      | Found a broken altar of Ashenzari.
  4906 | D:5      | Reached skill level 5 in Spellcasting
  5336 | D:5      | Reached XP level 8. HP: 30/41 MP: 0/16
  5763 | D:5      | Reached skill level 8 in Earth Magic
  5909 | D:5      | Found a glowing silver altar of Zin.
  6480 | D:3      | Bought a ring of magical power for 240 gold pieces
  6572 | D:6      | Noticed Sigmund
  6577 | D:6      | Killed Sigmund
  6615 | D:6      | Reached skill level 5 in Conjurations
  6993 | D:6      | Reached skill level 9 in Earth Magic
  7094 | D:6      | Reached XP level 9. HP: 45/45 MP: 18/18
  7569 | D:7      | Noticed Prince Ribbit
  7576 | D:7      | Killed Prince Ribbit
  7793 | D:7      | Found a staircase to the Ecumenical Temple.
  7807 | Temple   | Entered the Ecumenical Temple
  7824 | Temple   | Became a worshipper of Vehumet
  7983 | D:7      | Reached skill level 10 in Earth Magic
  8552 | D:7      | Found a shadowy altar of Dithmenos.
  8769 | D:8      | Reached * piety under Vehumet
  8769 | D:8      | Offered knowledge of Foxfire by Vehumet.
  9073 | D:8      | Reached XP level 10. HP: 44/50 MP: 1/21
  9296 | D:8      | Reached skill level 11 in Earth Magic
  9860 | D:8      | Found a staircase to the Lair.
  9895 | Lair:1   | Entered Level 1 of the Lair of Beasts
 10311 | Lair:1   | Found the +5 glaive of the Guard {elec, spectral, AC+5}
 10394 | Lair:1   | Noticed a torpor snail
 10401 | Lair:1   | Killed a torpor snail
 10507 | Lair:1   | Reached ** piety under Vehumet
 10507 | Lair:1   | Offered knowledge of Poisonous Vapours by Vehumet.
 10923 | Lair:1   | Noticed a black mamba
 10934 | Lair:1   | Killed a black mamba
 10935 | Lair:1   | Reached skill level 12 in Earth Magic
 10949 | Lair:1   | Reached XP level 11. HP: 54/54 MP: 10/24
 11317 | Lair:2   | Noticed a seven-headed hydra
 11326 | Lair:2   | Killed a seven-headed hydra
 11327 | Lair:2   | Reached skill level 10 in Conjurations
 11631 | Lair:2   | Noticed a death yak
 11636 | Lair:2   | Killed a death yak
 11665 | Lair:2   | Reached skill level 13 in Earth Magic
 11666 | Lair:2   | Noticed a seven-headed hydra
 11667 | Lair:2   | Noticed a six-headed hydra
 11695 | Lair:2   | Found a staircase to the Shoals.
 11904 | Lair:2   | Reached skill level 10 in Spellcasting
 11999 | Lair:2   | Noticed an eight-headed hydra
 12004 | Lair:2   | Killed an eight-headed hydra
 12012 | Lair:2   | Killed a six-headed hydra
 12169 | Lair:2   | Killed a seven-headed hydra
 12177 | Lair:2   | Identified the amulet of Jenkast {Reflect Rampage +Blink
                  | rF- SH+5}
 12264 | Lair:2   | Reached XP level 12. HP: 52/59 MP: 23/26
 12283 | Lair:2   | Offered knowledge of Scorch by Vehumet.
 12289 | Lair:2   | Learned a level 2 spell: Scorch
 12436 | Lair:2   | Reached skill level 14 in Earth Magic
 12440 | Lair:2   | Reached skill level 1 in Fire Magic
 12798 | Lair:2   | Noticed an eight-headed hydra
 12806 | Lair:2   | Killed an eight-headed hydra
 12855 | Lair:2   | Noticed Gastronok
 12872 | Lair:2   | Killed Gastronok
 13088 | Lair:2   | Noticed Harold
 13095 | Lair:2   | Killed Harold
 13154 | Lair:2   | Found a hole to the Spider Nest.
 13163 | Lair:2   | Killed by an exploding culicivora... ignited by their inner
                  | flame

Illustrated notes

Levels and vault maps discovered:
D:1:      dpeg_arrival_short_road, layout_basic, shapermc_ecumenical_altar_venn
D:2:      layout_basic, serial_shops, nicolae_shop_statue_plus,
          nicolae_elevator_lobby_plus
D:3:      layout_basic, mainiacjoe_overflow_surrounded_room, serial_shops,
          nicolae_lakefront_shop, uniq_terence
D:4:      layout_cave_pods, elyvilon_altar_4, nicolae_overflow_hidden_temple
D:5:      layout_layer_cave, mainiacjoe_overflow_catch_the_wave,
          overflow_temple_1_default
D:6:      layout_loops_ring, uniq_sigmund
D:7:      layout_basic, lemuel_tele_altar, minmay_temple_entry_tees,
          minmay_bent, uniq_prince_ribbit1
D:8:      layout_loops_ring, dpeg_oklobed_lair, kennysheep_generic_room_2
Temple:   nicolae_temple_ecumenical_triangle
Lair:1:   layout_roguey
Lair:2:   nzn_winding_woodlands_large [nzn_winding_woodlands_5x5_cross,
          nzn_winding_woodlands_5x15_pool,
          nzn_winding_woodlands_5x5_closed_star,
          nzn_winding_woodlands_center_garden,
          nzn_winding_woodlands_15x15_five_gardens,
          nzn_winding_woodlands_center_lodge,
          nzn_winding_woodlands_5x5_open_star,
          nzn_winding_woodlands_5x15_pockets,
          nzn_winding_woodlands_5x5_default], layout_gridlike,
          minmay_shoals_entry_lonely_mermaid,
          hellmonk_spider_entry_life_and_decay, gauntlet_entry_generic,
          uniq_gastronok, uniq_harold

Skill      XL: |  1  2  3  4  5  6  7  8  9 10 11 12 |
---------------+-------------------------------------+-----
Earth Magic    | 4 5 6 7 9 10 12 13 14 | 14.5
Spellcasting   | 3 4 5 6 7 9 10 | 10.7
Conjurations   | 2 3 5 7 9 11 12 | 12.1
Fire Magic     | 3 |  3.4
Dodging        | |  1.5
Stealth        | |  2.1
Transmutations | |  0.7

Action                   |  1- 3 |  4- 6 |  7- 9 | 10-12 || total
-------------------------+-------+-------+-------+-------++-------
Melee: Whip              |    28 |     5 |       |       ||    33
       Staff             |       |     3 |    32 |    14 ||    49
       Punch             |       |       |     1 |       ||     1
 Cast: Sandblast         |    43 |    88 |    49 |     6 ||   186
       Stone Arrow       |       |     2 |   130 |   188 ||   320
       Scorch            |       |       |       |     3 ||     3
Evoke: Wand              |       |       |     7 |    16 ||    23
  Use: Potion            |     1 |       |     4 |     1 ||     6
       Scroll            |       |     4 |     5 |     2 ||    11
Armor: Robe              |    15 |    28 |    51 |    66 ||   160
Dodge: Dodged            |    33 |    53 |   110 |    99 ||   295
Block: Other             |       |       |       |     4 ||     4
